 Dungeon Crawl Stone Soup version 0.16.2-12-gd0ad4c3 (webtiles) character file.

219 magipi the Chopper (level 5, -1/41 HPs)
             Began as a Ghoul Gladiator on Oct 12, 2015.
             Killed by divine providence
             ... invoked by an orc priest
              (10 damage)
             ... on level 3 of the Dungeon.
             The game lasted 00:10:30 (1782 turns).

magipi the Chopper (Ghoul Gladiator)                Turns: 1782, Time: 00:10:31

Health: -1/41      AC: 10    Str: 19    XL:     5   Next: 96%
Magic:  4/4        EV:  7    Int:  4    God:
Gold:   114        SH:  0    Dex:  9    Spells: 0 memorised, 4 levels left

rFire  . . .     SeeInvis .     a - +0 war axe
rCold  + . .     Clarity  .     m - +0 chain mail
rNeg   + + +     SustAb   .     (no shield)
rPois  ∞         Gourm    .     c - +0 helmet
rElec  .         Spirit   .     i - +0 cloak
rCorr  .         Warding  .     (no gloves)
rMut   .         Stasis   .     (no boots)
MR     .....                    (no amulet)
Stlth  ..........               (no ring)
                                (no ring)

@: rotting, not resistant to hostile enchantments, extremely unstealthy
A: rotting body, claws 1, carnivore 3, cold resistance 1, negative energy
resistance 3, poison resistance, slow healing 1, torment resistance, unbreathing
a: no special abilities


You were on level 3 of the Dungeon.
You were not hungry.

You visited 1 branch of the dungeon, and saw 3 of its levels.

You collected 114 gold pieces.

Inventory:

Hand weapons
 a - a +0 war axe (weapon)
Missiles
 d - 3 throwing nets (quivered)
 l - 13 poisoned needles
 x - 5 tomahawks
Armour
 c - a +0 helmet (worn)
 i - a +0 cloak (worn)
 m - a +0 chain mail (worn)
Jewellery
 g - a cursed ring of loudness {unknown}
Scrolls
 b - a scroll of noise {unknown}
 h - a scroll of recharging {unknown}
 k - a scroll of enchant weapon {unknown}
 p - 2 scrolls of identify {unknown}
 q - 4 scrolls of teleportation {unknown}
 r - 2 scrolls of fear {unknown}
 v - a scroll of immolation {unknown}
Potions
 e - a potion of restore abilities {unknown}
 j - 3 potions of curing {unknown}
 n - a potion of lignification {unknown}
 s - a potion of might {unknown}
 t - a potion of heal wounds {unknown}
 w - a potion of cancellation {unknown}
Comestibles
 f - 7 chunks of flesh
 o - a slice of pizza
 u - a meat ration


   Skills:
 - Level 2.1 Fighting
 + Level 5.7 Axes
 - Level 2.2 Throwing
 - Level 2.6 Dodging


You had 4 spell levels left.
You didn't know any spells.

Dungeon Overview and Level Annotations

Branches:
Dungeon (3/15)

Altars:


Innate Abilities, Weirdness & Mutations

Your body is rotting away.
You thrive on raw meat.
You have sharp fingernails.
You are carnivorous and can eat meat at any time.
Your flesh is cold resistant.
You are immune to negative energy.
Your system is resistant to poisons.
You heal slowly when monsters are visible.
You are immune to unholy pain and torment.
You can survive without breathing.

Vault maps used:
D:1:      saegor_arrival_miasma
D:3:      uniq_iyjb


Message History

Things that are here:
a dagger; a bat corpse Search for what [? for help]? armo
Found a stone staircase leading down.
A goblin comes into view. It is wielding a dagger.
The goblin shouts!
There is a stone staircase leading down here.
You closely miss the goblin. The goblin hits you but does no damage.
You barely miss the goblin. The goblin hits you but does no damage.
The goblin hits you with a dagger.
You hit the goblin.
You kill the goblin!
Items here: ( )) † a dagger; a hunting sling; 19 stones; a goblin corpse You butcher the goblin corpse.
f - 10 chunks of flesh (gained 2)
Things that are here:
a dagger; a hunting sling; 19 stones
Found a mace.
You see here a mace.
Found 5 tomahawks.
You see here 5 tomahawks.
x - 5 tomahawks A hobgoblin comes into view.
It is wielding a club.
The hobgoblin shouts!
A ball python comes into view.
An orc comes into view. It is wielding a dagger.
An orc and an orc priest come into view.
The orc shouts!
The orc priest shouts!
An orc comes into view. It is wielding a hand axe.
The orc priest becomes somewhat translucent.
Some of the chunks of flesh in your inventory have rotted away.
You slash the hobgoblin!
You kill the hobgoblin!
The ball python bites you but does no damage.
The ball python grabs you. The ball python constricts you.
You slash the ball python!
You kill the ball python!
You closely miss the orc. The orc hits you but does no damage.
You closely miss the orc. The orc hits you with a dagger.
You slash the orc!
The orc is almost dead.
The orc hits you but does no damage. x2
You slash the orc!
You kill the orc!
The orc hits you with a morningstar.
You barely miss the orc.
The orc priest calls down the wrath of Beogh upon you.
Something smites you!
The orc priest looks braver.
The orc hits you but does no damage.
Some of the chunks of flesh in your inventory have rotted away.
You slash the orc!
You kill the orc!
An orc priest comes into view. It is wielding a flail.
The orc priest hits you but does no damage.
Items here: ))) †† a morningstar; a dagger; a club; a ball python corpse; a hobgoblin corpse You barely miss the orc priest.
The orc priest barely misses you.
You slash the orc priest!
The orc priest is heavily wounded.
The orc priest mumbles some strange prayers to Beogh.
You feel troubled. The orc priest hits you with a flail.
You completely miss the orc priest.
The orc priest is heavily wounded.
The orc priest invokes the aid of Beogh against you.
You are unaffected.
You slash the orc priest!
You kill the orc priest!
The orc priest hits you with a flail.
You hit the orc priest.
The orc priest is lightly wounded.
The orc priest hits you with a flail.
You slash the orc priest!
The orc priest is severely wounded.
The orc priest completely misses you.
Your chain mail prevents you from hitting the orc priest.
The orc priest is severely wounded.
The orc priest prays to Beogh.
You feel a wave of unholy energy pass over you.
You closely miss the orc priest.
The orc priest is severely wounded.
The orc priest calls down the wrath of Beogh upon you.
Something smites you!
* * * LOW HITPOINT WARNING * * *
You closely miss the orc priest.
The orc priest is severely wounded.
The orc priest hits you but does no damage.
You hit the orc priest.
The orc priest is almost dead.
The orc priest hits you with a flail.
* * * LOW HITPOINT WARNING * * *
You closely miss the orc priest.
The orc priest is almost dead.
The orc priest hits you but does no damage.
Your chain mail prevents you from hitting the orc priest.
The orc priest is almost dead.
The orc priest invokes the aid of Beogh against you.
Something smites you!
You die...

###########
#.o@...)..#
#.#######.# #.#
#.# #g# #.# #S#
#.# #.# #.# #o#
#.# #o# #.#
##############.#
#.#


You could see an orc priest.

Table legend:
 A = Kills in this place as a percentage of kills in entire the game.
 B = Kills by you in this place as a percentage of kills by you in the entire game.
 C = Kills by friends in this place as a percentage of kills by friends in the entire game.
 D = Other kills in this place as a percentage of other kills in the entire game.
 E = Experience gained in this place as a percentage of experience gained in the entire game.
 F = Experience gained in this place divided by the number of levels of this place that you have seen.
                   A       B       C       D       E      F
               +-------+-------+-------+-------+-------+----------------------
         Total | 100.0 | 100.0 |  -nan |  -nan | 100.0 | 104.7
       Dungeon | 100.0 | 100.0 |  -nan |  -nan | 100.0 | 104.7
               +-------+-------+-------+-------+-------+----------------------

Vanquished Creatures
  An orc priest (D:3)
  A hound (D:3)
  Ijyb (D:3)
  7 adders
  2 worms (D:2)
  A giant gecko (D:3)
  An ooze (D:2)
  7 orcs
  8 bats
  3 giant cockroaches
  9 goblins
  6 hobgoblins
  2 jackals (D:1)
  5 kobolds
  2 ball pythons
  3 giant newts (D:1)
  4 quokkas
  2 rats
65 creatures vanquished.

Notes
Turn   | Place    | Note
--------------------------------------------------------------
     0 | D:1      | magipi, the Ghoul Gladiator, began the quest for the Orb.
     0 | D:1      | Reached XP level 1. HP: 17/17 MP: 1/1
   282 | D:1      | Reached XP level 2. HP: 23/23 MP: 2/2
   395 | D:1      | Reached skill level 3 in Axes
   622 | D:2      | Reached XP level 3. HP: 21/28 MP: 3/3
   727 | D:2      | Reached skill level 4 in Axes
   727 | D:2      | Reached XP level 4. HP: 36/36 MP: 3/3
  1433 | D:3      | Reached XP level 5. HP: 27/40 MP: 4/4
  1481 | D:3      | Reached skill level 5 in Axes
  1519 | D:3      | Noticed Ijyb
  1532 | D:3      | Killed Ijyb
  1782 | D:3      | Killed from afar by an orc priest

Action                   |  1- 3 |  4- 6 || total
-------------------------+-------+-------++-------
Melee: War axe           |   110 |   164 ||   274
  Eat: Chunk             |    11 |    15 ||    26

Action                   |  1- 3 |  4- 6 || total
-------------------------+-------+-------++-------
Melee: War axe           |   110 |   164 ||   274
  Eat: Chunk             |    11 |    15 ||    26

Action                   |  1- 3 |  4- 6 || total
-------------------------+-------+-------++-------
Melee: War axe           |   110 |   164 ||   274
  Eat: Chunk             |    11 |    15 ||    26
